 Dungeon Crawl Stone Soup version 0.30.2 (webtiles) character file.

Game seed: 6710861979990493863

298 porpoise the Shooter (level 6, 0/38 HPs)
             Began as a Tengu Hunter on Jan 20, 2024.
             Slain by Grinder (7 damage)
             ... on level 3 of the Dungeon.
             The game lasted 00:06:45 (2478 turns).

porpoise the Shooter (Tengu Hunter)                 Turns: 2478, Time: 00:06:46

Health: 0/38       AC:  4    Str: 12    XL:     6   Next: 36%
Magic:  7/7        EV: 14    Int:  9    God:
Gold:   110        SH:  0    Dex: 19    Spells: 5/5 levels left

rFire   . . .        a - +0 shortbow
rCold   . . .        (shield currently unavailable)
rNeg    . . .        c - +0 leather armour
rPois   .            (helmet restricted)
rElec   .            d - scarf {+Inv}
rCorr   .            h - +0 pair of gloves
SInv    .            (boots unavailable)
Will    .....        (no amulet)
Stlth   ++           (no ring)
HPRegen 0.26/turn    (no ring)
MPRegen 0.10/turn

%: no passive effects
@: flying quickly and evasively, quick
A: beak, talons 3, nimble flight
a: Evoke Invisibility


You were on level 3 of the Dungeon.
You visited 1 branch of the dungeon, and saw 3 of its levels.

You collected 135 gold pieces.
You spent 25 gold pieces at shops.

Inventory:

Hand Weapons
 a - a +0 shortbow (weapon)
Missiles
 g - 7 boomerangs
 k - 3 atropa-tipped darts
Armour
 c - a +0 leather armour (worn)
 d - a scarf of invisibility (worn)
 h - a +0 pair of gloves (worn)
Wands
 q - a wand of flame (2)
Scrolls
 b - a scroll of immolation
 e - a scroll of amnesia {unknown}
 f - a scroll of acquirement {unknown}
 l - a scroll of blinking {unknown}
 m - 2 scrolls of identify
 n - a scroll of enchant armour {unknown}
 o - 2 scrolls of noise {unknown}
 r - 3 scrolls of vulnerability {unknown}
Potions
 i - a potion of brilliance
 j - a potion of flight
 p - a potion of magic {unknown}


   Skills:
 + Level 4.0 Fighting
 * Level 7.1 Ranged Weapons
 - Level 2.1 Dodging
 - Level 1.0 Stealth


You had 5 spell levels left.
You didn't know any spells.
Your spell library contained the following spells:

 Spells                   Type           Power      Damage    Failure   Level
 Blink                    Tloc           0%         N/A       61%         2
 Lesser Beckoning         Tloc           0%         N/A       61%         2
 Momentum Strike          Conj/Tloc      0%         3d8       61%         2
 Ozocubu's Armour         Ice            0%         N/A       83%         3
 Metabolic Englaciation   Hex/Ice        0%         N/A       100%        5
 Simulacrum               Ice/Necr       0%         N/A       100%        6


Dungeon Overview and Level Annotations

Branches:
Dungeon (3/15)

Altars:

Shops:
D:1 *

Annotations:
D:3 Grinder


Innate Abilities, Weirdness & Mutations

You have a beak for a mouth.
You have claws for feet.
Your magical nature lets you fly swiftly and evasively.


Message History

Press: ? - help, Q - select action, (/) - cycle Shift-Dir - straight line, f/p - Grinder
Aim: Grinder (lightly wounded, 63% to hit)
You shoot an arrow. The arrow hits Grinder.
Grinder is moderately wounded.
Grinder blinks!
Fire: a) +0 shortbow
Press: ? - help, Q - select action, (/) - cycle Shift-Dir - straight line, f/p - Grinder
Aim: Grinder (moderately wounded, 63% to hit)
You shoot an arrow. The arrow closely misses Grinder.
Fire: a) +0 shortbow
Press: ? - help, Q - select action, (/) - cycle Shift-Dir - straight line, f/p - Grinder
Aim: Grinder (moderately wounded, 63% to hit)
You shoot an arrow. The arrow hits Grinder.
Grinder is moderately wounded.
Aiming: Throw Flame
Press: ? - help, Shift-Dir - straight line, f/p - Grinder
Aim: Grinder (moderately wounded, 64% to hit)
The puff of flame hits Grinder.
Grinder is moderately wounded.
Grinder hits you!
* * * LOW HITPOINT WARNING * * *
You writhe in agony.
* * * LOW HITPOINT WARNING * * *
Aiming: Throw Flame
Press: ? - help, Shift-Dir - straight line, f/p - Grinder
Aim: Grinder (moderately wounded, 64% to hit)
The puff of flame misses Grinder.
Grinder barely misses you.
You shoot an arrow. The arrow hits Grinder!
Grinder is severely wounded.
Grinder drinks a potion.
Grinder is healed!
You shoot an arrow. The arrow hits Grinder.
Grinder is heavily wounded.
Grinder closely misses you.
You shoot an arrow. The arrow hits Grinder.
Grinder is heavily wounded.
Grinder barely misses you.
You shoot an arrow. The arrow hits Grinder!
Grinder is almost dead.
Grinder hits you!
You die...

. .. .$. .>.5
.!..K######
....K.....#
#...######
#).......#
#@5......###
###........#
#........#
#........#
..###........#
#......##.###
#..>...##...##
#......####..#
#......#####'###


You could see Grinder.

Vanquished Creatures
  2 electric eels (D:3)
  A hound (D:2)
  Natasha (twice) (D:3)
  3 gnolls (D:2)
  3 adders
  2 dart slugs
  13 orcs (D:3)
  6 ball pythons
  2 bats (D:1)
  3 endoplasms
  2 giant cockroaches (D:1)
  3 goblins
  6 hobgoblins
  7 kobolds
  6 quokkas
  2 frilled lizards
  2 rats (D:1)
65 creatures vanquished.

Notes
Turn   | Place    | Note
-------+----------+-------------------------------------------
     0 | D:1      | porpoise the Tengu Hunter began the quest for the Orb.
     0 | D:1      | Reached XP level 1. HP: 12/12 MP: 2/2
    68 | D:1      | Found Houha's Assorted Antiques.
   136 | D:1      | Reached XP level 2. HP: 17/17 MP: 3/3
   140 | D:1      | You fall into a shaft and drop 1 floor!
   337 | D:1      | Reached skill level 5 in Ranged Weapons
   355 | D:1      | Reached XP level 3. HP: 22/22 MP: 4/4
  1108 | D:1      | Bought a fizzy inky potion for 25 gold pieces
  1240 | D:2      | Reached XP level 4. HP: 27/27 MP: 5/5
  1806 | D:2      | Reached skill level 6 in Ranged Weapons
  1806 | D:2      | Gained mutation: Your magical nature lets you fly swiftly
                  | and evasively. [Tengu growth]
  1806 | D:2      | Reached XP level 5. HP: 24/32 MP: 6/6
  1934 | D:3      | Noticed Natasha
  1949 | D:3      | Killed Natasha
  2043 | D:3      | Found a transporter.
  2056 | D:3      | Found a transporter.
  2104 | D:3      | Reached skill level 7 in Ranged Weapons
  2104 | D:3      | Reached XP level 6. HP: 29/38 MP: 7/7
  2177 | D:3      | Noticed Natasha
  2184 | D:3      | Killed Natasha
  2294 | D:3      | Found a faded altar of an unknown god.
  2449 | D:3      | Noticed Grinder
  2478 | D:3      | Slain by Grinder

Illustrated notes

Levels and vault maps discovered:
D:1:      evilmike_arrival_rings, layout_basic, serial_shops, shop
D:2:      layout_loops_ring, kennysheep_generic_room_8
D:3:      gammafunk_steamed_eel, layout_basic, nicolae_gozag_seed_capital,
          shapermc_ecumenical_altar_flowoftime, uniq_grinder, uniq_natasha

Skill      XL: |  1  2  3  4  5  6 |
---------------+-------------------+-----
Ranged Weapons | 5 6 7 |  7.1
Fighting       | 3 4 |  4.0
Dodging        | |  2.1
Stealth        | |  1.0

Action                     |  1- 3 |  4- 6 || total
---------------------------+-------+-------++-------
   Fire: Shortbow          |    76 |   128 ||   204
  Evoke: Wand              |       |     6 ||     6
    Use: Scroll            |     2 |       ||     2
 Armour: Leather armour    |     6 |    11 ||    17
  Dodge: Dodged            |    15 |    33 ||    48
